 Dungeon Crawl Stone Soup version 0.22-a0-247-gbddf880757 (webtiles) character file.

6549 Peterchen the Cleaver (level 10, -4/80 (81) HPs)
             Began as a Centaur Chaos Knight on Feb 23, 2018.
             Slain by a two-headed ogre
             ... wielding a +0 giant club
              (8 damage)
             ... on level 11 of the Dungeon.
             The game lasted 01:08:10 (10758 turns).

Peterchen the Cleaver (Centaur Chaos Knight)       Turns: 10758, Time: 01:08:11

HP:   -4/80 (81)    AC: 15    Str: 21    XL:     10   Next: 70%
MP:   10/10         EV:  4    Int: 11    God:    Xom [...*..]
Gold: 336           SH:  0    Dex: 16    Spells: 6/9 levels left

rFire    + + +     SeeInvis .   r - +1 war axe (freeze)
rCold    + + +     Gourm    .   j - +2 buckler
rNeg     + . .     Faith    +   J - +0 plate armour "Foep" {rF+ Dex+4}
rPois    +         Spirit   .   (helmet restricted)
rElec    +         Reflect  .   x - scarf {rC+ rF+}
rCorr    +         Harm     .   e - +1 pair of gloves
MR       +++..                  (no barding)
Stlth    ..........             v - amulet of faith
HPRegen  0.63/turn              q - ring of protection from magic
MPRegen  0.12/turn              H - ring "Carufiev" {rC+ rN+ MR+ Stlth+}

@: confused, resistant, very quick
A: large, beak, hooves 3, slimy green scales 1, agile 1, deformed body, speed 2,
frail 1, magic resistance 1, regeneration 1, strong 2, tough skin 3, subdued
magic 1
a: Renounce Religion


You were on level 11 of the Dungeon.
You worshipped Xom.
You were a favourite toy of Xom.
You were hungry.

You visited 2 branches of the dungeon, and saw 12 of its levels.

You collected 574 gold pieces.
You spent 238 gold pieces at shops.

Inventory:

Hand Weapons
 a - a +0 mace of chaos
 r - a +1 war axe of freezing (weapon)
Missiles
 l - 45 poisoned needles (quivered)
Armour
 e - a +1 pair of gloves (worn)
 j - a +2 buckler (worn)
 x - a scarf of resistance (worn)
 J - the +0 plate armour "Foep" (worn) {rF+ Dex+4}
   (You took it off an orc on level 8 of the Dungeon)

   It affects your dexterity (+4).
   It protects you from fire.
Jewellery
 q - a ring of protection from magic (left hand)
 v - an amulet of faith (around neck)
 F - an uncursed ring of poison resistance
 H - the ring "Carufiev" (right hand) {rC+ rN+ MR+ Stlth+}
   (You took it off an orc on level 6 of the Dungeon)

   [ring of positive energy]

   It protects you from cold.
   It protects you from negative energy.
   It affects your resistance to hostile enchantments.
   It makes you more stealthy.
Wands
 d - a wand of flame (21)
 A - a wand of clouds (10)
 E - a wand of polymorph (3)
 N - a wand of disintegration (13)
Scrolls
 b - a scroll of immolation {unknown}
 h - 2 scrolls of remove curse
 m - 2 scrolls of fog
 n - a scroll of enchant armour {unknown}
 o - 6 scrolls of amnesia
 s - a scroll of brand weapon {unknown}
 y - 2 scrolls of blinking {unknown}
 B - 4 scrolls of random uselessness {unknown}
 C - 2 scrolls of noise {unknown}
 K - 2 scrolls of identify
 L - a scroll of fear {unknown}
 M - a scroll of summoning {unknown}
Potions
 f - a potion of flight
 g - a potion of berserk rage {unknown}
 i - 4 potions of mutation {unknown}
 k - 6 potions of heal wounds {unknown}
 p - 6 potions of curing {unknown}
 t - 2 potions of cancellation {unknown}
 w - 2 potions of haste
 z - a potion of ambrosia {unknown}
 D - a potion of invisibility {unknown}
 I - a potion of degeneration {unknown}
Comestibles
 c - 18 rations


   Skills:
 + Level 8.8 Fighting
 * Level 10.2(10.5) Axes
 - Level 3.7(7.6) Maces & Flails
 + Level 6.4 Armour
 - Level 0.6 Dodging


You had 6 spell levels left.
You knew the following spells:

 Your Spells              Type           Power        Failure   Level  Hunger
a - Magic Dart            Conj           #...         100%        1    ##.....
b - Call Imp              Summ           #.......     100%        2    ###....


Dungeon Overview and Level Annotations

Branches:
Dungeon (11/15)            Temple (1/1) D:6            Lair (0/6) D:10
    Orc: D:9-12

Altars:
Ashenzari
Cheibriados
Dithmenos
Elyvilon
Fedhas
Gozag
Hepliaklqana
Kikubaaqudgha
Makhleb
Nemelex Xobeh
Okawaru
Qazlal
Ru
Sif Muna
Trog
Uskayaw
Vehumet
Wu Jian
Xom
Yredelemnul
Zin
The Shining One

Shops:
D:4 %   D:9 }   D:10 (

Annotations:
D:4 1 runed door


Innate Abilities, Weirdness & Mutations

You have hooves in place of feet.
Armour fits poorly on your strangely shaped body.
You cover ground very quickly.
You have extremely tough skin. (AC +3)
You have a beak for a mouth.
You are partially covered in slimy green scales. (AC +2)
You are agile. (Dex +2)
You are frail. (-10% HP)
You are resistant to hostile enchantments. (MR+)
Your natural rate of healing is unusually fast.
Your muscles are very strong. (Str +4)
Your spells are a little easier to cast, but a little less powerful.


Message History

You closely miss the orc warrior. You hit the two-headed ogre.
You freeze the two-headed ogre. You barely miss the orc warrior.
The orc warrior hits you with a dire flail of crushing!
The orc warrior hits the orc warrior but does no damage.
You bump into the rock wall.
The orc warrior barely misses you.
The two-headed ogre hits you with a giant club!
The two-headed ogre barely misses you.
The orc warrior hits you with a dire flail of crushing!
* * * LOW HITPOINT WARNING * * *
x2 The orc warrior hits the orc priest with a trident!
It was a potion of resistance.
You feel protected.
Xom thinks this is hilarious!
The orc warrior hits you from afar with a halberd!
* * * LOW HITPOINT WARNING * * *
The orc warrior hits you with a dire flail of crushing.
* * * LOW HITPOINT WARNING * * *
x2 The two-headed ogre hits you with a giant club!
You die...
Xom chuckles heartily!

.############.##########K########
.....................$oO.u..i5...
.#####.########.######O#####K####
.# #.# #.# #.# #c# .# #.# #o# #.#
#c# .# #.# #o# #.# #u# .# #.# #o#
#.# #.#
.#####.########o######u#####c####
.........<....oo@Ooo.c.5...c.....
#######.#####.##########.########
#.# #.# #[# #.# #.# #.# #.# #.#
#.# #.# #)# #.#
#######.#####.##########.#
.........................########
#####.#####.#####................


You could see a cyan ugly thing (confused), a two-headed ogre, 4 orc warriors, a
centaur, an orc priest, a quasit and 3 orcs.

Vanquished Creatures
  2 ugly things (D:11)
  A gargoyle (D:7)
  A komodo dragon (shapeshifter) (D:6)
  A kobold demonologist (D:11)
  An efreet (D:3)
  Sigmund (D:6)
  A tarantella (D:11)
  2 wyverns
  2 yaks (D:9)
  A soldier ant (D:10)
  An orc warrior (D:10)
  A water moccasin (D:10)
  2 hell hounds (D:10)
  A sky beast (D:6)
  2 ice beasts
  A black bear (D:8)
  A phantom (D:6)
  3 ogres
  3 centaurs
  A crocodile (D:11)
  3 bullfrogs
  A water moccasin zombie (D:7)
  A scorpion (D:8)
  Dowan (D:6)
  3 killer bees (D:10)
  A howler monkey (D:6)
  3 crimson imps
  A centaur zombie (D:5)
  2 jellies
  2 bullfrog skeletons
  2 hounds
  7 orc wizards
  3 orc priests
  A centaur skeleton (D:2)
  Jessica (D:3)
  An iguana (D:7)
  8 worker ants
  2 hound zombies
  2 hound skeletons (D:3)
  A howler monkey zombie (D:6)
  Robin (D:3)
  6 gnolls
  A howler monkey skeleton (D:4)
  2 river rats (D:5)
  8 adders
  2 shadow imps
  2 oozes
  An adder skeleton (D:4)
  3 worms
  3 leopard geckos
  27 orcs
  A ball python (D:4)
  3 bats
  5 giant cockroaches
  15 hobgoblins
  9 jackals
  10 kobolds
  2 quokkas
  3 frilled lizards
  A giant cockroach zombie (D:6)
  14 goblins
  A quokka zombie (D:6)
  8 rats
  A bush (D:2)
  2 plants (D:2)
206 creatures vanquished.

Vanquished Creatures (collateral kills)
  A centaur skeleton (D:11)
  A hippogriff (D:7)
  A hungry ghost (D:9)
  An orc warrior (D:7)
  An ice beast (D:9)
  A bullfrog (D:9)
  An electric eel (D:9)
  A hound (D:5)
8 creatures vanquished.

Grand Total: 214 creatures vanquished

Notes
Turn   | Place    | Note
-------+----------+-------------------------------------------
     0 | D:1      | Peterchen the Centaur Chaos Knight began the quest for the Orb.
     0 | D:1      | Reached XP level 1. HP: 19/19 MP: 1/1
   260 | D:1      | Reached XP level 2. HP: 23/26 MP: 2/2
  1095 | D:2      | Reached XP level 3. HP: 26/31 MP: 3/3
  1416 | D:2      | Reached XP level 4. HP: 36/38 MP: 4/4
  1470 | D:2      | XOM: harmless Erth miscast
  1497 | D:2      | XOM: god gift: runed war axe {god gift}
  1549 | D:2      | XOM: divination: detect creatures
  1565 | D:2      | XOM: medium Ice miscast
  1622 | D:2      | XOM: cloud trail
  2115 | D:3      | Learned a level 1 spell: Magic Dart
  2118 | D:3      | Learned a level 2 spell: Call Imp
  2137 | D:3      | Noticed Grinder
  2154 | D:3      | Paralysed by Grinder for 5 turns
  2161 | D:3      | Noticed Grinder
  2161 | D:3      | Grinder changed into Grinder the apocalypse crab
  2161 | D:3      | XOM: polymorph Grinder -> Grinder the apocalypse crab
  2225 | D:3      | Noticed Jessica
  2238 | D:3      | Reached skill level 1 in Axes
  2252 | D:3      | Killed Jessica
  2252 | D:3      | Reached XP level 5. HP: 20/46 MP: 5/5
  2832 | D:4      | Found Ylukhote's Food Emporium.
  2870 | D:4      | Found a white marble altar of Elyvilon.
  2870 | D:4      | Found a runed door.
  2870 | D:4      | Noticed an angel
  2970 | D:4      | XOM: cloud trail
  3050 | D:4      | Noticed an ogre
  3055 | D:4      | Killed an ogre
  3055 | D:4      | Reached skill level 2 in Axes
  3215 | D:4      | XOM: 3-stop teleportation journey
  3437 | D:4      | Noticed an ice beast
  3443 | D:4      | Killed an ice beast
  3443 | D:4      | Reached skill level 3 in Axes
  3443 | D:4      | Reached XP level 6. HP: 35/53 MP: 6/6
  3506 | D:4      | XOM: god gift: wand of clouds (4)
  3777 | D:3      | Noticed Robin
  3794 | D:3      | Killed Robin
  3874 | D:3      | Found a deep blue altar of Sif Muna.
  3993 | D:3      | Paralysed by you for 3 turns
  4001 | D:3      | Noticed Grinder
  4001 | D:3      | Grinder the apocalypse crab changed into Grinder the efreet
  4001 | D:3      | XOM: polymorph Grinder the apocalypse crab -> Grinder the efreet
  4007 | D:3      | XOM: scenery: create altars
  4008 | D:3      | XOM: confuse monster(s)
  4027 | D:5      | Entered Level 5 of the Dungeon
  4112 | D:5      | XOM: 1-stop teleportation journey
  4134 | D:5      | Found an ancient bone altar of Kikubaaqudgha.
  4179 | D:5      | XOM: mild Pois miscast
  4330 | D:5      | Reached XP level 7. HP: 36/60 MP: 7/7
  4358 | D:5      | Found a burning altar of Makhleb.
  4358 | D:5      | XOM: 2-stop teleportation journey
  4359 | D:5      | XOM: summons 5 friendly demons
  4608 | D:5      | Reached skill level 4 in Axes
  4641 | D:5      | Reached skill level 5 in Fighting
  4662 | D:5      | XOM: confuse monster(s)
  5396 | D:6      | XOM: give mutations
  5396 | D:6      | Gained mutation: Your muscles are strong. (Str +2) [Xom's mischief]
  5396 | D:6      | Gained mutation: Your flesh is cold resistant. (rC+) [Xom's mischief]
  5405 | D:6      | Noticed Dowan
  5411 | D:6      | Noticed Duvessa
  5427 | D:6      | XOM: mild Necr miscast
  5428 | D:6      | Reached skill level 5 in Axes
  5434 | D:6      | Duvessa changed into Duvessa the sky beast
  5434 | D:6      | XOM: polymorph Duvessa -> Duvessa the sky beast
  5434 | D:6      | Noticed Duvessa
  5434 | D:6      | Duvessa the sky beast changed into Duvessa the golden eye
  5440 | D:6      | Noticed Duvessa
  5440 | D:6      | Duvessa the golden eye changed into Duvessa the yak
  5443 | D:6      | Noticed Duvessa
  5443 | D:6      | Duvessa the yak changed into Duvessa the spriggan
  5443 | D:6      | XOM: polymorph Duvessa the yak -> Duvessa the spriggan
  5454 | D:6      | Noticed Duvessa
  5454 | D:6      | Duvessa the spriggan changed into Duvessa the komodo dragon
  5460 | D:6      | Killed Duvessa the komodo dragon
  5460 | D:6      | Reached XP level 8. HP: 27/69 MP: 8/8
  5504 | D:6      | Killed Dowan
  5712 | D:6      | XOM: harmless Conj miscast
  5728 | D:6      | Reached skill level 6 in Axes
  5742 | D:6      | Found a staircase to the Ecumenical Temple.
  5784 | Temple   | Entered the Ecumenical Temple
  5900 | Temple   | XOM: give mutations
  5900 | Temple   | Gained mutation: You are clumsy. (Dex -2) [Xom's mischief]
  5900 | Temple   | Gained mutation: Your spells are a little easier to cast, but a little less powerful. [Xom's mischief]
  6061 | D:6      | XOM: give mutation
  6061 | D:6      | Lost mutation: Your muscles are strong. (Str +2) [Xom's mischief]
  6080 | D:6      | Got a twitching brass ring
  6110 | D:6      | Noticed Sigmund
  6152 | D:6      | Killed Sigmund
  6177 | D:6      | XOM: confusion
  6180 | D:6      | XOM: noise
  6182 | D:6      | XOM: confusion
  6190 | D:6      | XOM: give mutations
  6190 | D:6      | Lost mutation: Your flesh is cold resistant. (rC+) [Xom's mischief]
  6190 | D:6      | Lost mutation: You are clumsy. (Dex -2) [Xom's mischief]
  6215 | D:6      | XOM: stat loss: -1 Dex (9/10)
  6361 | D:6      | XOM: harmless Pois miscast
  6450 | D:6      | XOM is BORED!
  6450 | D:6      | XOM: noise
  6676 | D:7      | XOM: give mutations
  6676 | D:7      | Gained mutation: You are frail. (-10% HP) [Xom's mischief]
  6676 | D:7      | Gained mutation: You do not regenerate when monsters are visible. [Xom's mischief]
  6676 | D:7      | Gained mutation: You are very frail. (-20% HP) [Xom's mischief]
  6677 | D:7      | Reached skill level 7 in Axes
  6697 | D:7      | XOM: give mutations
  6697 | D:7      | Gained mutation: Your muscles are strong. (Str +2) [Xom's grace]
  6697 | D:7      | Gained mutation: You are agile. (Dex +2) [Xom's grace]
  6697 | D:7      | Gained mutation: You are partially covered in slimy green scales. (AC +2) [Xom's grace]
  6719 | D:7      | Found a shadowy altar of Dithmenos.
  6719 | D:7      | Noticed a gargoyle
  6728 | D:7      | XOM: scenery: create altars
  6735 | D:7      | Reached XP level 9. HP: 55/61 MP: 9/9
  6990 | D:7      | XOM: scenery: create altars
  7003 | D:7      | Found a basalt altar of Yredelemnul.
  7007 | D:7      | XOM: 1-stop teleportation journey
  7024 | D:7      | XOM: cleaving
  7099 | D:7      | XOM: polymorph orc -> gnoll
  7104 | D:7      | XOM: 1-stop teleportation journey
  7133 | D:7      | XOM: 1-stop teleportation journey
  7252 | D:7      | Killed a gargoyle
  7597 | D:7      | XOM: god gift: thick jewelled staff {god gift}
  7599 | D:7      | Identified the ring "Carufiev" {rC+ rN+ MR+ Stlth+} (You took it off an orc on level 6 of the Dungeon)
  7634 | D:7      | XOM: god gift: 5 rations
  7672 | D:7      | XOM: summons 3 friendly demons
  7677 | D:7      | XOM: smoke on damage
  7678 | D:7      | Reached skill level 5 in Armour
  7830 | D:7      | Found an iron altar of Okawaru.
  8016 | D:7      | XOM is BORED!
  8016 | D:7      | XOM: stat loss: -2 Dex (10/12)
  8221 | D:4      | XOM: scenery: 1 doors open
  8264 | D:3      | XOM: enchant monster (good)
  8275 | D:3      | Killed Grinder the efreet
  8275 | D:3      | Reached skill level 8 in Axes
  8382 | D:8      | XOM: divination: magic mapping
  8515 | D:8      | Got a bloodstained plate armour
  8526 | D:8      | Identified the cursed +0 plate armour "Foep" {rF+ Dex+4} (You took it off an orc on level 8 of the Dungeon)
  8723 | D:8      | Found a blossoming altar of Fedhas.
  8748 | D:8      | XOM: scenery: create altars
  8949 | D:8      | XOM: divination: detect creatures
  9031 | D:8      | XOM: cloud trail
  9267 | D:9      | XOM: summons 6 friendly demons
  9281 | D:9      | XOM: butterfly on damage
  9285 | D:9      | XOM: draining
  9360 | D:9      | Found Cahim's Gadget Boutique.
  9541 | D:9      | XOM: give mutations
  9541 | D:9      | Gained mutation: Your muscles are very strong. (Str +4) [Xom's grace]
  9541 | D:9      | Gained mutation: You are resistant to hostile enchantments. (MR+) [Xom's grace]
  9541 | D:9      | Gained mutation: You have a beak for a mouth. [Xom's grace]
  9541 | D:9      | Lost mutation: You do not regenerate when monsters are visible. [Xom's grace]
  9541 | D:9      | Gained mutation: Your natural rate of healing is unusually fast. [Xom's grace]
  9548 | D:9      | Bought a wand of disintegration (13) for 238 gold pieces
  9575 | D:9      | Noticed a two-headed ogre
  9607 | D:9      | XOM: butterfly on damage
  9612 | D:9      | Reached XP level 10. HP: 29/69 MP: 10/10
  9612 | D:9      | Reached skill level 9 in Axes
  9672 | D:9      | XOM: give mutation
  9672 | D:9      | Lost mutation: You are very frail. (-20% HP) [Xom's mischief]
  9806 | D:9      | XOM: summons 5 hostile demons
  9807 | D:9      | Noticed a sixfirhy
  9807 | D:9      | Noticed a soul eater
  9939 | D:9      | You fall through a shaft!
  9939 | D:10     | Entered Level 10 of the Dungeon
  9987 | D:10     | XOM: harmless Tmut miscast
  9988 | D:10     | Found a staircase to the Lair.
 10014 | D:10     | XOM: confuse monster(s)
 10050 | D:10     | XOM: divination: detect creatures
 10070 | D:10     | XOM: potion effect (invisibility)
 10078 | D:10     | XOM: destruction
 10085 | D:10     | XOM: scenery: 1 doors close
 10256 | D:10     | XOM: divination: detect creatures
 10487 | D:10     | Found Ziehaupo's Weapon Shoppe.
 10552 | D:11     | Noticed a cyan ugly thing
 10565 | D:11     | Killed a cyan ugly thing
 10572 | D:11     | XOM: cast spell 'Alistair's Intoxication'
 10573 | D:11     | Noticed a cyclops
 10573 | D:11     | a cyclops changed into a tarantella
 10573 | D:11     | XOM: polymorph cyclops -> tarantella
 10583 | D:11     | XOM: summons friendly white imp
 10585 | D:11     | XOM: confuse monster(s)
 10698 | D:11     | Noticed a red ugly thing
 10707 | D:11     | Killed a red ugly thing
 10707 | D:11     | Reached skill level 10 in Axes
 10715 | D:11     | Noticed a red ugly thing
 10720 | D:11     | XOM: summons 2 friendly demons
 10722 | D:11     | XOM: summons friendly iron imp
 10726 | D:11     | Noticed a cyan ugly thing
 10726 | D:11     | XOM: harmless Fire miscast
 10735 | D:11     | XOM: summons friendly crimson imp
 10740 | D:11     | Noticed a two-headed ogre
 10742 | D:11     | XOM: summons 2 friendly demons
 10745 | D:11     | XOM: confuse monster(s)
 10754 | D:11     | XOM: confusion
 10758 | D:11     | HP: 4/80 [orc warrior/dire flail of crushing (2)]
 10758 | D:11     | Slain by a two-headed ogre

Vault maps used:
D:1:      sevenhm_arrival_forest_fort_small_5
D:2:      serial_forest, infiniplex_forest_lined_3_way,
          infiniplex_forest_straight_3, infiniplex_forest_clump_large,
          infiniplex_forest_fountain, infiniplex_forest_lined_3,
          infiniplex_forest_clump_C, infiniplex_forest_corner_1,
          infiniplex_forest_clump_diagonal, infiniplex_forest_diagonal
D:3:      lemuel_doored_altar, first_ration, serial_co_window_serial,
          co_window_corner_a, co_window_paths_b, co_window_paths_a,
          co_window_paths_a, co_window_corner_a, co_window_of_opportunity_a,
          co_window_paths_a, co_window_of_opportunity_b, co_window_2corner,
          co_window_corner_b, co_window_paths_c, co_window_unsneaky_path_c,
          glass_columns_c, uniq_grinder, uniq_jessica, uniq_robin
D:4:      serial_shops, shop_statue, lemuel_angel_altar
D:5:      cheibrodos_iron_armory, overflow_temple_1_default,
          lightli_sewer_entry_pipes, makhleb_blood_cavern_becter
D:6:      minmay_temple_entry_statues_fountains, uniq_duvessa, uniq_sigmund
D:7:      lemuel_round_altar, yredelemnul_altar_generic,
          okawaru_altar_gauntlet_db
D:8:      basic_altar
D:9:      lemuel_troll_bridge, nicolae_overflow_crystal_walls, serial_shops,
          shop_fountains
D:10:     minmay_lair_entry_lava, serial_shops, kennysheep_little_box
D:11:     erik_orc_3, hangedman_stone_soup
Temple:   eino_temple_scatter_basement

Skill      XL: |  1  2  3  4  5  6  7  8  9 10 |
---------------+-------------------------------+-----
Maces & Flails | 3 |  3.7
Armour         | 2 3 4 5 6 |  6.4
Axes           | 1 3 5 7 8 10 | 10.2
Fighting       | 4 5 6 7 8 |  8.8
Dodging        | |  0.6

Action                   |  1- 3 |  4- 6 |  7- 9 | 10-12 || total
-------------------------+-------+-------+-------+-------++-------
Melee: Mace              |    77 |       |       |       ||    77
       Kick              |    13 |    47 |    75 |    37 ||   172
       War axe           |       |   173 |   316 |   101 ||   590
       Peck              |       |       |     1 |    23 ||    24
 Cast: Magic Dart        |       |     1 |       |       ||     1
Evoke: Wand              |       |     1 |       |       ||     1
  Use: Scroll            |       |     4 |     3 |     1 ||     8
       Potion            |       |       |       |     2 ||     2
 Stab: Petrified         |       |       |     7 |       ||     7
       Confused          |       |       |       |     1 ||     1
       Invisible         |       |       |       |     1 ||     1
  Eat: Chunk             |     1 |     8 |    13 |     2 ||    24
       Ration            |       |       |     1 |       ||     1
Armor: Leather armour    |    22 |    17 |       |       ||    39
       Chain mail        |       |    50 |   166 |       ||   216
       Plate armour      |       |       |    28 |    59 ||    87
Dodge: Dodged            |    24 |    34 |    65 |    22 ||   145
Block: Buckler           |     7 |    10 |    39 |    16 ||    72

Table legend:
 A = Spawn XP
 B = Non-spawn XP
 C = Spawn XP percentage of total XP
 D = Spawn monster count
 E = Non-spawn monster count
 F = Spawn count percentage of total count
 G = Total turns spent on level
                    A         B        C        D         E        F      G
               +---------+---------+-------+---------+---------+-------+---------
         Total |       0 |    9356 |   0.0 |       0 |     211 |   0.0 | 10758
               +---------+---------+-------+---------+---------+-------+---------
           D:1 |       0 |      31 |   0.0 |       0 |      18 |   0.0 |   991
           D:2 |       0 |      93 |   0.0 |       0 |      19 |   0.0 |  1024
           D:3 |       0 |     553 |   0.0 |       0 |      28 |   0.0 |   969
           D:4 |       0 |     289 |   0.0 |       0 |      11 |   0.0 |  1180
           D:5 |       0 |     604 |   0.0 |       0 |      30 |   0.0 |  1344
           D:6 |       0 |    1259 |   0.0 |       0 |      21 |   0.0 |  1061
           D:7 |       0 |    1396 |   0.0 |       0 |      33 |   0.0 |  1524
           D:8 |       0 |     688 |   0.0 |       0 |       9 |   0.0 |   860
           D:9 |       0 |     858 |   0.0 |       0 |      11 |   0.0 |   712
          D:10 |       0 |    1474 |   0.0 |       0 |      18 |   0.0 |   590
          D:11 |       0 |    2111 |   0.0 |       0 |      13 |   0.0 |   229
               +---------+---------+-------+---------+---------+-------+---------
